 Dungeon Crawl Stone Soup version 0.25-a0-591-g2ad0d861f1 (webtiles) character file.

Game seed: 12153303719780670281, levelgen mode: deterministic

1470 ReteAZ the Insei (level 8, 0/64 HPs)
             Began as a Gnoll Gladiator on Mar 14, 2020.
             Was an Initiate of Gozag.
             Shot with an arrow by a centaur (3 damage)
             ... on level 6 of the Dungeon.
             The game lasted 00:07:34 (5620 turns).

ReteAZ the Insei (Gnoll Gladiator)                  Turns: 5620, Time: 00:07:34

Health: 0/64       AC:  8    Str: 16    XL:     8   Next: 78%
Magic:  13/13      EV: 17    Int: 18    God:    Gozag
Gold:   659        SH:  0    Dex: 18    Spells: 14/14 levels left

rFire    + . .     SeeInvis .     - Unarmed
rCold    + + +     Gourm    .   (no shield)
rNeg     . . .     Faith    .   e - +2 leather armour {rC+}
rPois    +         Spirit   .   b - +0 helmet
rElec    +         Reflect  .   (no cloak)
rCorr    +         Harm     .   t - +1 pair of gloves
MR       .....                  (no boots)
Stlth    ++........             B - amulet of rage
HPRegen  0.20/turn              v - ring of protection from cold
MPRegen  0.13/turn              u - +6 ring of intelligence

@: lethally poisoned (0 -> -1), resistant, gold aura, stab, very slightly
contaminated, invisible
A: distributed training, fangs 1, strong nose
a: Potion Petition, Call Merchant, Bribe Branch, Renounce Religion, Evoke
Berserk Rage


You were on level 6 of the Dungeon.
You worshipped Gozag.
Gozag was pleased with you.
You were very hungry.

You visited 1 branch of the dungeon, and saw 6 of its levels.

You collected 712 gold pieces.
You paid 53 gold pieces to Gozag.

Inventory:

Hand Weapons
 f - a +0 trident of freezing
Missiles
 c - 3 throwing nets
 g - 154 stones
 l - 25 poisoned darts (quivered)
Armour
 a - a +0 leather armour
 b - a +0 helmet (worn)
 e - a +2 leather armour of cold resistance (worn)
 t - a +1 pair of gloves (worn)
Jewellery
 k - an uncursed ring of stealth
 u - a +6 ring of intelligence (right hand)
 v - a ring of protection from cold (left hand)
 w - an uncursed ring of ice
 y - an uncursed ring of resist corrosion
 A - an uncursed ring of fire
 B - an amulet of rage (around neck)
Wands
 x - a wand of acid (5)
Scrolls
 h - 4 scrolls of amnesia {unknown}
 i - a scroll of enchant armour {unknown}
 j - 7 scrolls of identify {unknown}
 o - 7 scrolls of remove curse {unknown}
 p - a scroll of magic mapping {unknown}
 z - 2 scrolls of teleportation {unknown}
 C - a scroll of noise {unknown}
 D - a scroll of fear {unknown}
Potions
 m - a potion of stabbing {unknown}
 n - a potion of brilliance {unknown}
 q - 2 potions of resistance {unknown}
 r - a potion of magic {unknown}
 s - 2 potions of curing {unknown}
 E - a potion of cancellation {unknown}
 F - a potion of haste {unknown}
Comestibles
 d - 13 rations


   Skills:
 + Level 5.8 Fighting
 + Level 3.5 Short Blades
 + Level 3.5 Long Blades
 + Level 3.5 Axes
 + Level 3.5 Maces & Flails
 + Level 3.5 Polearms
 + Level 3.5 Staves
 + Level 3.5 Slings
 + Level 3.5 Bows
 + Level 3.5 Crossbows
 + Level 5.8 Throwing
 + Level 3.5 Armour
 + Level 7.5 Dodging
 + Level 3.5 Stealth
 + Level 3.5 Shields
 + Level 7.5 Unarmed Combat
 + Level 3.5 Spellcasting
 + Level 2.8 Conjurations
 + Level 2.8 Hexes
 + Level 2.8 Charms
 + Level 2.8 Summonings
 + Level 2.8 Necromancy
 + Level 2.8 Translocations
 + Level 2.8 Transmutations
 + Level 2.8 Fire Magic
 + Level 2.8 Ice Magic
 + Level 2.8 Air Magic
 + Level 2.8 Earth Magic
 + Level 2.8 Poison Magic
 + Level 3.8 Invocations
 + Level 3.5 Evocations


You had 14 spell levels left.
You didn't know any spells.
Your spell library was empty.

Dungeon Overview and Level Annotations

Branches:
Dungeon (6/15)             Temple (0/1) D:6

Altars:
Fedhas
Gozag
Hepliaklqana
Makhleb
Okawaru
Sif Muna
Trog
Wu Jian
Xom


Innate Abilities, Weirdness & Mutations

Your experience applies equally to all skills.
You have very sharp teeth.
Your uncanny sense of smell can sniff out nearby items.


Message History

The helpless centaur fails to defend itself.
You hit the centaur but do no damage. You punch the centaur.
You bite the centaur, but do no damage.
The centaur is almost dead.
The adder closely misses you.
The helpless adder fails to defend itself.
You hit the adder.
The adder is lightly wounded.
You feel sick. The adder misses you.
The centaur wields a +0 shortbow.
The centaur shoots an arrow.
The arrow hits you!
* * * LOW HITPOINT WARNING * * *
The adder becomes distracted by the nearby gold, dreaming of imaginary riches.
The adder hisses angrily.
You closely miss the adder.
The adder is no longer distracted by gold.
The adder is lightly wounded.
The centaur shoots an arrow.
The arrow closely misses the adder.
The centaur shoots an arrow.
The arrow hits you.
You die...
Your body crumbles into a pile of gold.

.#............#
##.........#######
....##.....####..####
...........##.......##
##..#.........).#....##
##.###........### #...#
##..........##.###(..#
#..........##..S(($..#
...#........#(..@..c.#
.#.###.##...........##
##.#.._...###.......#
.#.#.#.#.. ##.#......
##........ ..#......#
#....... ##.##......#
##.....# .. #.#....#
#.....# . .##..##
.....##


You could see a centaur and an adder.

Vanquished Creatures
  A black bear (D:6)
  A sky beast (D:6)
  A phantom (D:4)
  A centaur (D:5)
  A bullfrog (D:6)
  4 scorpions (D:5)
  A crimson imp (D:6)
  A bullfrog zombie (D:6)
  3 hounds
  5 orc priests
  A jelly (D:5)
  A bullfrog skeleton (D:6)
  4 orc wizards
  A gnoll shaman (D:5)
  2 iguanas (D:4)
  A hound zombie (D:5)
  A hound skeleton (D:4)
  3 gnolls (D:5)
  11 adders
  A howler monkey skeleton (D:5)
  An ooze (D:2)
  2 adder skeletons (D:5)
  2 worms
  A dart slug (D:2)
  4 leopard geckos
  19 orcs
  3 ball pythons
  7 bats
  A giant cockroach (D:6)
  9 goblins
  12 hobgoblins
  5 jackals
  7 kobolds
  4 quokkas
  3 frilled lizards
  A giant cockroach zombie (D:6)
  5 rats
131 creatures vanquished.

Notes
Turn   | Place    | Note
-------+----------+-------------------------------------------
     0 | D:1      | ReteAZ the Gnoll Gladiator began the quest for the Orb.
     0 | D:1      | Reached XP level 1. HP: 20/20 MP: 1/1
    76 | D:1      | You fall into a shaft and drop 1 floor!
    83 | D:2      | Reached XP level 2. HP: 26/26 MP: 2/2
   370 | D:1      | Reached XP level 3. HP: 31/31 MP: 3/3
   788 | D:2      | Reached skill level 1 in Invocations
   967 | D:2      | Found a hazy altar of Hepliaklqana.
  1055 | D:2      | Reached skill level 1 in Short Blades
  1055 | D:2      | Reached skill level 1 in Long Blades
  1055 | D:2      | Reached skill level 1 in Axes
  1055 | D:2      | Reached skill level 1 in Maces & Flails
  1055 | D:2      | Reached skill level 1 in Polearms
  1055 | D:2      | Reached skill level 1 in Staves
  1055 | D:2      | Reached skill level 1 in Slings
  1055 | D:2      | Reached skill level 1 in Bows
  1055 | D:2      | Reached skill level 1 in Crossbows
  1055 | D:2      | Reached skill level 1 in Armour
  1055 | D:2      | Reached skill level 1 in Stealth
  1055 | D:2      | Reached skill level 1 in Shields
  1055 | D:2      | Reached skill level 1 in Spellcasting
  1055 | D:2      | Reached skill level 1 in Evocations
  1121 | D:2      | Reached XP level 4. HP: 38/38 MP: 5/5
  1418 | D:3      | Found an ornate altar of the Wu Jian Council.
  1446 | D:3      | Reached skill level 1 in Conjurations
  1446 | D:3      | Reached skill level 1 in Hexes
  1446 | D:3      | Reached skill level 1 in Charms
  1446 | D:3      | Reached skill level 1 in Summonings
  1446 | D:3      | Reached skill level 1 in Necromancy
  1446 | D:3      | Reached skill level 1 in Translocations
  1446 | D:3      | Reached skill level 1 in Transmutations
  1446 | D:3      | Reached skill level 1 in Fire Magic
  1446 | D:3      | Reached skill level 1 in Ice Magic
  1446 | D:3      | Reached skill level 1 in Air Magic
  1446 | D:3      | Reached skill level 1 in Earth Magic
  1446 | D:3      | Reached skill level 1 in Poison Magic
  2208 | D:4      | Reached XP level 5. HP: 41/43 MP: 6/6
  2355 | D:4      | Noticed a phantom
  2408 | D:4      | Killed a phantom
  2408 | D:4      | Reached XP level 6. HP: 32/50 MP: 8/8
  2552 | D:4      | Found an iron altar of Okawaru.
  2568 | D:4      | Reached skill level 5 in Fighting
  2568 | D:4      | Reached skill level 5 in Throwing
  2588 | D:4      | Found an opulent altar of Gozag.
  2734 | D:4      | Became a worshipper of Gozag Ym Sagoz the Greedy
  3124 | D:4      | Found a bloodstained altar of Trog.
  3127 | D:4      | Found a shimmering altar of Xom.
  3141 | D:4      | Found a shimmering blue altar of Sif Muna.
  3155 | D:4      | Found a burning altar of Makhleb.
  3274 | D:5      | Entered Level 5 of the Dungeon
  3523 | D:5      | Reached XP level 7. HP: 41/56 MP: 10/10
  4139 | D:5      | Reached XP level 8. HP: 33/63 MP: 12/12
  4539 | D:5      | Found a bloodstained altar of Trog.
  5419 | D:6      | Found a blossoming altar of Fedhas.
  5472 | D:6      | Found a staircase to the Ecumenical Temple.
  5618 | D:6      | HP: 2/64 [centaur/arrow (14)]
  5620 | D:6      | Shot with an arrow by a centaur

Levels and vault maps discovered:
D:1:      minmay_arrival_semitransparent, layout_rooms
D:2:      layout_loops_ring, lemuel_coloured_pillars_altar,
          supply_closet_lemuel, serial_park_tiny_2
D:3:      layout_loops_ring, lemuel_doored_altar, nrook_mini_backslash
D:4:      layout_loops_cross, grunt_temple_overflow_cloverleaf,
          chequers_temple_overflow_statue_of_worship
D:5:      layout_basic, first_ration, trog_butcher_becter
D:6:      layout_cave_pools, lemuel_crystal_altar, minmay_temple_entry_hall

Skill      XL: |  1  2  3  4  5  6  7  8 |
---------------+-------------------------+-----
Invocations    | 1 2 3 |  3.8
Short Blades   | 1 2 3 |  3.5
Long Blades    | 1 2 3 |  3.5
Axes           | 1 2 3 |  3.5
Maces & Flails | 1 2 3 |  3.5
Polearms       | 1 2 3 |  3.5
Staves         | 1 2 3 |  3.5
Slings         | 1 2 3 |  3.5
Bows           | 1 2 3 |  3.5
Crossbows      | 1 2 3 |  3.5
Armour         | 1 2 3 |  3.5
Stealth        | 1 2 3 |  3.5
Shields        | 1 2 3 |  3.5
Spellcasting   | 1 2 3 |  3.5
Evocations     | 1 2 3 |  3.5
Conjurations   | 1 2 |  2.8
Hexes          | 1 2 |  2.8
Charms         | 1 2 |  2.8
Summonings     | 1 2 |  2.8
Necromancy     | 1 2 |  2.8
Translocations | 1 2 |  2.8
Transmutations | 1 2 |  2.8
Fire Magic     | 1 2 |  2.8
Ice Magic      | 1 2 |  2.8
Air Magic      | 1 2 |  2.8
Earth Magic    | 1 2 |  2.8
Poison Magic   | 1 2 |  2.8
Fighting       | 5 |  5.8
Throwing       | 5 |  5.8
Dodging        | 7 |  7.5
Unarmed Combat | 7 |  7.5

Action                   |  1- 3 |  4- 6 |  7- 9 || total
-------------------------+-------+-------+-------++-------
Melee: Unarmed           |    95 |   167 |   283 ||   545
       Bite              |    14 |    15 |    44 ||    73
       Punch             |     2 |     6 |     8 ||    16
Invok: Potion Petition   |       |       |     1 ||     1
 Stab: Sleeping          |     3 |     2 |     7 ||    12
       Distracted        |       |       |     2 ||     2
  Eat: Chunk             |     1 |     2 |     1 ||     4
       Ration            |       |     1 |     2 ||     3
Armor: Leather armour    |    21 |    25 |    52 ||    98
Dodge: Dodged            |    81 |    97 |   231 ||   409

Table legend:
 A = Non-vault XP
 B = Vault XP
 C = Vault XP percentage of total XP
 D = Non-vault monster count
 E = Vault monster count
 F = Vault count percentage of total count
                 A         B        C        D         E       F
            +---------+---------+-------+---------+---------+-------
      Total |    2092 |       8 |   0.4 |     127 |       4 |   3.1
            +---------+---------+-------+---------+---------+-------
        D:1 |      33 |       0 |   0.0 |      19 |       0 |   0.0
        D:2 |      66 |       0 |   0.0 |      26 |       0 |   0.0
        D:3 |      42 |       0 |   0.0 |      10 |       0 |   0.0
        D:4 |     508 |       0 |   0.0 |      22 |       0 |   0.0
        D:5 |     799 |       8 |   1.0 |      28 |       4 |  12.5
        D:6 |     644 |       0 |   0.0 |      22 |       0 |   0.0
            +---------+---------+-------+---------+---------+-------
